 Dungeon Crawl Stone Soup version 0.19-a0-1626-g5215c36 (webtiles) character file.

822253 st0uf the Slayer (level 27, -5/188 HPs)
             Began as a Gargoyle Earth Elementalist on Sept 16, 2016.
             Was the Champion of Vehumet.
             Slain by a balrug
             ... wielding a +0 demon whip
              (28 damage)
             ... on level 16 of a ziggurat on Sept 18, 2016.
             The game lasted 17:05:45 (89231 turns).

st0uf the Slayer (Gargoyle Earth Elementalist)     Turns: 89231, Time: 17:05:46

Health: -5/188     AC: 37    Str: 15    XL:     27
Magic:  8/48       EV: 26    Int: 32    God:    Vehumet [******]
Gold:   9967       SH: 12    Dex: 23    Spells: 12 memorised, 10 levels left

rFire  + + .     SeeInvis +     r - staff of wizardry
rCold  + + .     Gourm    .     V - +2 robe {Archmagi}
rNeg   + + +     Faith    .     P - +3 buckler {rC+}
rPois  ∞         Spirit   .     y - +0 helmet of the Ecumenical Temple {rC+ MR++ Dex+7}
rElec  +         Dismiss  .     s - +2 cloak {MR+}
rCorr  .         Reflect  .     F - +0 pair of fencer's gloves {+Riposte Dex+6}
MR     +++++     Harm     .     D - +2 pair of boots {Stlth+}
Stlth  +++.......               I - amulet of Zorghin {RegenMP +Blink rF+ rN++ SInv}
                                A - +6 ring of intelligence
                                z - ring of protection from fire

@: weakened, flying, very slightly contaminated, hasted, repel missiles, very
quick
A: big wings, mutation resistance 1, negative energy resistance 1, screaming 1,
electricity resistance, unbreathing, petrification resistance, rot immunity,
subdued magic 1, AC +20
a: Stop Flying, Renounce Religion, Evoke Blink
}: 5/15 runes: barnacled, slimy, silver, golden, gossamer


You were on level 16 of a ziggurat.
You worshipped Vehumet.
Vehumet was exalted by your worship.
You were not hungry.

You visited 14 branches of the dungeon, and saw 64 of its levels.
You visited 1 bazaar.
You visited 1 ziggurat, and saw 16 of its levels.
You also visited: Labyrinth, Ossuary, Ice Cave and Desolation.

You collected 13477 gold pieces.
You spent 3510 gold pieces at shops.

Inventory:

Armour
 b - a +0 buckler of fire resistance
 s - a +2 cloak of magic resistance (worn)
 y - the +0 helmet of the Ecumenical Temple (worn) {rC+ MR++ Dex+7}
   (You took it off Robin on level 4 of the Dungeon)

   It affects your dexterity (+7).
   It protects you from cold.
   It affects your resistance to hostile enchantments.
 D - a +2 pair of boots of stealth (worn)
 F - the +0 pair of fencer's gloves (worn) {+Riposte Dex+6}
   (You found it on level 5 of the Vaults)

   It affects your dexterity (+6).
 K - a +3 shield of protection
 P - a +3 buckler of cold resistance (worn)
 V - a +2 robe of the Archmagi (worn)
Magical Staves
 d - an uncursed staff of fire
 r - an uncursed staff of wizardry (weapon)
 E - an uncursed staff of power
 Q - an uncursed staff of cold
 S - an uncursed staff of earth
 X - an uncursed staff of energy
Rods
 u - a +5 rod of clouds (11/11)
   (You found it on level 13 of a ziggurat)
Jewellery
 g - an uncursed ring of resist corrosion
 j - an uncursed ring of protection from cold
 z - a ring of protection from fire (left hand)
 A - a +6 ring of intelligence (right hand)
 I - the amulet of Zorghin (around neck) {RegenMP +Blink rF+ rN++ SInv}
   (You acquired it on level 1 of the Lair of Beasts)

   [amulet of magic regeneration]

   It increases your magic regeneration.
   It protects you from fire.
   It greatly protects you from negative energy.
   It lets you see invisible.
   It lets you blink.
Wands
 O - a wand of heal wounds (5/9)
 Y - a wand of heal wounds (9/9)
Scrolls
 f - 33 scrolls of remove curse
 h - 17 scrolls of teleportation
 i - 8 scrolls of blinking
 k - 5 scrolls of amnesia
 m - 8 scrolls of recharging
 v - 20 scrolls of identify
 T - 8 scrolls of magic mapping
 W - 2 scrolls of fog
Potions
 e - 4 potions of resistance
 n - 24 potions of curing
 o - 6 potions of might
 p - 3 potions of heal wounds
 q - 3 potions of magic
 t - a potion of cancellation
 x - 7 potions of brilliance
 C - 11 potions of agility
 H - 8 potions of invisibility
 M - 3 potions of haste
 U - 3 potions of cure mutation
Miscellaneous
 a - the horn of Geryon
 w - a phial of floods
 B - a crystal ball of energy
 G - 8 phantom mirrors
 J - a figurine of a ziggurat
 L - a fan of gales
 N - 9 sacks of spiders
 R - 6 boxes of beasts
 Z - a lamp of fire
Comestibles
 c - 21 meat rations


   Skills:
 * Level 23.0 Fighting
 - Level 12.0 Staves
 + Level 18.3 Armour
 + Level 14.8 Dodging
 - Level 2.1 Stealth
 - Level 15.2 Shields
 * Level 21.8 Spellcasting
 + Level 18.9 Conjurations
 - Level 5.1 Charms
 - Level 6.5 Necromancy
 - Level 5.0 Translocations
   Level 0.7 Transmutations
 + Level 16.5 Ice Magic
 - Level 6.0 Air Magic
 + Level 20.4 Earth Magic
 - Level 10.3 Poison Magic
 + Level 15.8 Evocations


You had 10 spell levels left.
You knew the following spells:

 Your Spells              Type           Power        Failure   Level  Hunger
a - Ozocubu's Armour      Chrm/Ice       #######.     0%          3    None
b - Shatter               Erth           ########..   2%          9    ######.
c - Apportation           Tloc           ######....   1%          1    None
d - Lee's Rapid Deconstr  Erth           ########..   0%          5    None
e - Venom Bolt            Conj/Pois      #######...   1%          5    None
f - Repel Missiles        Chrm/Air       ######       1%          2    None
g - Blink                 Tloc           N/A          1%          2    None
h - Poisonous Cloud       Conj/Pois/Air  #######...   1%          6    None
i - Glaciate              Conj/Ice       ########..   6%          9    ######.
j - Regeneration          Chrm/Necr      ######....   1%          3    None
k - Lehudib's Crystal Sp  Conj/Erth      ########..   1%          8    ####...
r - Iron Shot             Conj/Erth      ########..   1%          6    None


Dungeon Overview and Level Annotations

Branches:
Dungeon (15/15)            Temple (1/1) D:7            Lair (6/6) D:9
 Shoals (4/4) Lair:2       Spider (4/4) Lair:3        Slime (5/5) Lair:6
    Orc (2/2) D:10            Elf (3/3) Orc:2        Vaults (5/5) D:13
  Crypt (3/3) Vaults:2       Tomb (3/3) Crypt:3      Depths (5/5) D:15
   Hell (1/1)                 Dis (0/7) Hell            Coc (7/7) Hell
    Tar (0/7) Hell            Zot (0/5) Depths:5
    Geh: Hell:1

Altars:
Ashenzari
Dithmenos
Elyvilon
Fedhas
Gozag
Hepliaklqana
Kikubaaqudgha
Makhleb
Okawaru
Qazlal
Vehumet
Xom
Yredelemnul
Zin
Jiyva

Shops:
D:6 *   D:9 %   D:10 !*   D:14 !   Orc:2 :?*[   Vaults:2 =   Depths:5 *

Portals:
Hell: Depths:1 Depths:2 Depths:3 Depths:4 Depths:5
Abyss: Depths:2 Depths:3 Depths:4 Depths:5
Pandemonium: Depths:1 Depths:3 Depths:5

Annotations:
D:8 exclusion: downstairs
D:13 exclusion: downstairs
Lair:5 exclusion: downstairs


Innate Abilities, Weirdness & Mutations

You are resistant to torment.
Your stone body is resilient. (AC +20)
You are immune to poison.
Your large and strong wings let you fly indefinitely.
You resist negative energy. (rN+)
You are resistant to electric shocks. (rElec)
You can survive without breathing.
You are immune to petrification.
You are immune to rotting.
You are somewhat resistant to further mutation.
You occasionally shout uncontrollably at your foes.
Your spells are a little easier to cast, but a little less powerful.


Message History

Vehumet accepts your kill.
You feel your power returning.
The sixfirhy dissolves into shadows!
The Brimstone Fiend dissolves into shadows!
The demonic crawler dissolves into shadows!
You kill the red devil!
Vehumet accepts your kill.
You feel your power returning.
Sazeil is lightly wounded.
The monstrous warmonger is almost dead.
The putrid black sun is almost dead.
The balrug hits you with a demon whip.
* * * LOW HITPOINT WARNING * * *
You are engulfed in flames!
You resist.
* * * LOW HITPOINT WARNING * * *
You feel as though you will be weak longer.
The blizzard demon waves its arms in wide circles.
The air twists around and violently strikes you in flight!
* * * LOW HITPOINT WARNING * * *
You feel much better. The cacodemon completely misses you.
You block the cacodemon's attack. The balrug hits you with a demon whip!!
You die...

..........▓
...........▓▓▓▓▓▓▓▓▓
...................▓
...................▓
...................▓
.2.23.....)........▓
.&..).§....6.......▓
4)6..§§....2D.2...∩▓
..2.)6§§..6&..6@...▓
).2.6§§§...3..2....▓
)...2§§............▓
.......§...........▓
...................▓
...........▓▓▓▓▓▓▓▓▓
...........▓
...........▓


You could see Sazeil, a golden dragon, a monstrous demonspawn, a cacodemon, a
monstrous warmonger, a balrug, a blizzard demon, a putrid black sun and a smoke
demon.

Vanquished Creatures
  the Royal Jelly (Slime:5)
  Khufu (Crypt:1)
  The ghost of GameOver the Tortoise, a legendary NaWz of Kikubaaqudgha (Tomb:1)
  7 ancient liches
  Mennas (Tomb:2)
  4 juggernauts (Depths:4)
  37 greater mummies
  Margery (Crypt:1)
  Bai Suzhen (Spider:4)
  6 shard shrikes
  Saint Roka (Orc:2)
  Geryon (Hell)
  A caustic shrike (Depths:3)
  5 golden dragons
  Jory (Depths:3)
  3 bone dragons
  A Tzitzimitl (Zig:10)
  2 Brimstone Fiends
  A Hell Sentinel (Zig:16)
  5 liches
  Jorgrun (Vaults:5)
  7 tentacled monstrosities
  2 Ice Fiends
  5 titans
  25 acid blobs
  A pandemonium lord (Zig:10)
  Gastronok (Lair:1)
  3 quicksilver dragons
  3 deep elf blademasters
  A deep elf master archer (Elf:3)
  Frances (Spider:1)
  4 Executioners
  Kirke (D:13)
  2 storm dragons
  14 tengu reavers
  9 sphinxes
  Agnes (Spider:3)
  15 azure jellies
  2 eldritch tentacles
  3 ancient champions
  3 warmongers
  7 shadow dragons
  7 revenants
  A draconian monk (Zig:8)
  6 greater nagas
  Ilsuiw (Shoals:4)
  5 deep elf sorcerers
  The ghost of slayr the Cruncher, a journeyman GrEE of Vehumet (D:15)
  9 fire giants
  5 iron dragons
  14 frost giants
  3 ghost moths (Spider:4)
  2 imperial myrmidons (Desolation)
  5 cacodemons
  14 vault wardens
  A draconian scorcher (Depths:5)
  6 emperor scorpions
  A ghost moth (shapeshifter) (Zig:6)
  A draconian knight (Depths:5)
  3 ghouls (Crypt:1)
  An orc warlord (Vaults:4)
  A spriggan defender (Depths:4)
  2 curse skulls (Crypt:1)
  2 draconian shifters (Zig:8)
  The ghost of Iwannabefree the Eclecticist, a journeyman DESu of Okawaru (D:14)
  A draconian zealot (Zig:8)
  A juggernaut skeleton (Zig:11)
  5 deep elf elementalists
  6 vampire knights
  7 war gargoyles
  21 reapers
  9 ironheart preservers
  4 entropy weavers
  5 elemental wellsprings
  29 stone giants
  30 very ugly things
  5 draconian annihilators
  6 bennus
  4 blood saints
  A corrupter (Zig:16)
  A dire elephant (D:15)
  Nessos (D:15)
  7 deep elf demonologists
  A black sun (Zig:16)
  2 chaos champions (Zig:16)
  A lorocyproca (Zig:16)
  4 halazid warlocks (Desolation)
  2 purple draconians
  3 spark wasps
  9 deep elf annihilators
  A white draconian (Zig:8)
  A yellow draconian (Depths:5)
  2 red draconians
  13 death oozes
  A mottled draconian (Zig:8)
  11 deep elf death magi
  15 eidola
  9 ragged hierophants (Desolation)
  4 green deaths
  3 blizzard demons
  5 merfolk javelineers
  14 ettins
  11 jiangshi
  A fire dragon (shapeshifter) (Depths:4)
  A minotaur (Lab)
  3 quicksilver dragon zombies
  Josephine (D:15)
  8 fire dragons
  11 ogre magi
  10 merfolk impalers
  18 yaktaur captains
  22 mummy priests
  9 great orbs of eyes
  41 vault guards
  Harold (Orc:1)
  3 rakshasas
  11 hydras
  4 quicksilver dragon skeletons
  9 deep elf high priests
  3 servants of whispers (Desolation)
  3 alligator snapping turtles
  6 spriggan air magi
  A hell beast (Depths:2)
  6 peacekeepers (Desolation)
  34 ice dragons
  2 anacondas (Zig:15)
  4 merfolk avatars
  Erica (D:8)
  2 naga warriors (Zig:15)
  2 centaur warriors
  2 alligators (Zig:9)
  3 death knights
  The ghost of Xenophilius the Cleaver, a novice MiGl of Okawaru (D:10)
  11 merfolk aquamancers
  4 titan zombies
  A death yak (Lair:6)
  9 deep troll shamans
  5 tengu warriors
  6 deep troll earth magi
  35 dancing weapons
  4 orc high priests
  3 hell hogs
  The ghost of sergedm the Eclecticist, a journeyman DECj of Vehumet (IceCv)
  63 death scarabs
  3 satyrs
  7 vampire magi
  7 spriggan berserkers
  Urug (Orc:1)
  2 naga sharpshooters (Zig:15)
  2 storm dragon zombies
  A sun demon (Hell)
  The ghost of Soeti the Shield-Bearer, a novice DDFi of Makhleb (D:7)
  3 shock serpents (Zig:15)
  17 soul eaters
  Sonja (Lair:4)
  7 hell knights
  3 salamander mystics
  A fire crab (shapeshifter) (Depths:3)
  28 deep elf knights
  A titan skeleton (Crypt:3)
  4 shadow wraiths
  A sixfirhy (Zig:16)
  3 small abominations
  3 golden dragon zombies
  16 sea snakes
  An iron troll (Depths:2)
  40 skeletal warriors
  A shadow demon (Zig:16)
  2 spark wasp zombies (Zig:11)
  5 storm dragon skeletons
  17 deep trolls
  9 glowing orange brains
  An iron giant zombie (Crypt:2)
  A glowing orange brain (shapeshifter) (Vaults:5)
  5 flayed ghosts
  19 deep elf archers
  A quicksilver dragon simulacrum (Crypt:2)
  7 unseen horrors
  5 hill giants
  8 harpies
  10 ironbrand convokers
  3 golden dragon skeletons
  3 shambling mangroves (Zig:9)
  3 swamp dragons (Zig:9)
  2 anaconda zombies
  A spriggan druid (Zig:9)
  5 wizards
  4 anaconda skeletons
  10 phantasmal warriors
  4 shadow dragon zombies
  23 necromancers
  2 shadow dragon skeletons
  2 sphinx zombies
  87 deep elf magi
  52 ugly things
  2 oklob plants
  13 orc knights
  A hornet (shapeshifter) (Vaults:2)
  14 orb spiders
  2 wolf spider zombies
  4 iron dragon zombies
  13 fauns
  4 large abominations (Depths:5)
  11 orc sorcerers
  38 wolf spiders
  11 shining eyes
  5 hornets
  2 manticores (shapeshifter)
  3 frost giant zombies
  10 cyclopes
  3 fire giant zombies
  2 iron dragon skeletons
  4 stone giant zombies
  2 mana vipers (shapeshifter)
  3 moths of wrath
  8 salamanders (Depths:5)
  5 frost giant skeletons
  3 salamanders (shapeshifter)
  11 manticores
  12 rust devils
  3 stone giant skeletons
  20 black mambas
  11 water nymphs
  4 fire giant skeletons
  A guardian serpent (shapeshifter) (Vaults:2)
  8 sirens
  15 elephants
  An alligator snapping turtle zombie (Crypt:2)
  6 guardian serpents
  5 ice statues
  5 dire elephant zombies
  Joseph (D:7)
  A smoke demon (Hell)
  A torpor snail (Lair:5)
  12 vault sentinels
  2 emperor scorpion zombies
  2 molten gargoyles (Desolation)
  A spiny frog (shapeshifter) (Depths:4)
  5 naga magi
  2 gargoyles
  3 eyes of devastation
  2 rime drakes (IceCv)
  10 spiny frogs
  61 yaktaurs
  A spriggan skeleton (Depths:1)
  A spriggan zombie (Zig:4)
  21 demonic crawlers
  4 dire elephant skeletons
  2 golden dragon simulacra
  2 kobold demonologists (D:12)
  46 guardian mummies
  11 komodo dragons
  2 hellions
  2 yaktaurs (shapeshifter)
  2 yaktaur skeletons
  An efreet (Zig:5)
  15 hydra zombies
  19 ice devils
  10 tormentors
  32 freezing wraiths
  A komodo dragon (shapeshifter) (Vaults:4)
  6 tengu conjurers
  A mottled draconian skeleton (Crypt:2)
  4 red devils
  15 hellwings
  A merfolk (shapeshifter) (Zig:6)
  A harpy zombie (Crypt:3)
  6 meliai
  2 queen bees (shapeshifter)
  A death yak skeleton (Crypt:1)
  49 merfolk
  12 trolls
  8 alligator zombies
  24 jumping spiders
  12 polar bears
  A wolf spider simulacrum (Hell)
  A wind drake (shapeshifter) (Vaults:2)
  A two-headed ogre (shapeshifter) (D:14)
  A meliai zombie (D:10)
  47 slime creatures
  4 wind drakes (Shoals:4)
  14 blink frogs
  A blink frog (shapeshifter) (Vaults:2)
  2 harpy skeletons
  50 saltlings (Desolation)
  6 bog bodies
  12 two-headed ogres
  9 hydra skeletons
  13 hippogriffs
  A raiju (shapeshifter) (Depths:4)
  4 fire dragon zombies
  A hippogriff (shapeshifter) (Depths:2)
  7 snapping turtles
  An iron dragon simulacrum (Tomb:2)
  8 ettin zombies
  7 boulder beetles
  10 air elementals
  An ice dragon zombie (Hell)
  2 black mamba zombies (Crypt:3)
  2 fire dragon skeletons
  2 vampires
  20 wraiths
  An alligator skeleton (Coc:4)
  5 shadows
  66 flying skulls
  58 redbacks
  2 wyverns
  7 ettin skeletons
  17 spriggans
  30 water elementals
  33 yaks
  A yak (shapeshifter) (Vaults:4)
  36 ushabtiu
  8 fire elementals
  32 tarantellas
  3 basilisks
  4 hogs (D:13)
  4 golden eyes
  Grum (D:10)
  7 chaos spawn
  5 hungry ghosts
  A human (D:13)
  A steam dragon (shapeshifter) (D:12)
  4 vampire mosquitoes (D:14)
  2 mottled dragons
  3 nagas (Zig:15)
  A soldier ant (D:10)
  15 wargs
  A gelid demonspawn skeleton (Crypt:1)
  A hell hound (Zig:4)
  10 spiny frog zombies
  3 hydra simulacra
  2 tengu zombies
  2 floating eyes
  20 water moccasins
  10 porcupines
  A swamp dragon zombie (Coc:2)
  4 spiny frog skeletons
  Duvessa (D:4)
  32 orc warriors
  3 sky beasts
  3 black bears
  11 eyes of draining
  24 ice beasts
  3 snapping turtle skeletons
  4 necrophages
  35 ogres
  A black bear (shapeshifter) (D:15)
  4 phantoms
  14 wasps
  The ghost of Rationalist the Chopper, an amateur MiGl (D:3)
  An ettin simulacrum (Hell)
  2 manticore skeletons
  A snapping turtle zombie (Hell)
  29 boggarts
  41 wolves
  5 centaurs
  A crocodile (shapeshifter) (Vaults:5)
  A human skeleton (Vaults:4)
  15 crocodiles
  3 big kobolds
  Blork the orc (D:4)
  An elf zombie (Ossuary)
  17 bullfrogs
  4 earth elementals
  An elf skeleton (Coc:4)
  A hippogriff skeleton (Crypt:1)
  Dowan (D:4)
  9 wyvern skeletons (Crypt:3)
  7 scorpions
  A troll zombie (Tomb:3)
  8 killer bees
  16 wights
  6 electric eels
  4 troll skeletons
  A yak skeleton (Crypt:1)
  12 howler monkeys
  12 crimson imps
  6 centaur zombies
  8 hounds
  10 human zombies
  3 quasits (Depths:3)
  A bullfrog zombie (D:5)
  A human simulacrum (Vaults:3)
  6 centaur skeletons
  22 orc priests
  A gnoll shaman (D:5)
  2 jellies
  Crazy Yiuf (D:7)
  5 iron imps
  A bullfrog skeleton (D:13)
  11 iguanas
  30 orc wizards
  A black bear skeleton (Crypt:1)
  A lightning spire (Zig:14)
  11 worker ants
  A killer bee zombie (Crypt:1)
  A mottled dragon zombie (Crypt:2)
  A demigod skeleton (Crypt:1)
  An ogre skeleton (Lab)
  A hound skeleton (D:10)
  53 mummies
  2 worker ant zombies
  Robin (D:4)
  8 gnolls
  63 river rats
  16 adders
  5 shadow imps
  12 white imps
  2 adder skeletons
  3 adder zombies
  A worm (D:3)
  A dart slug (D:3)
  4 leopard geckos
  113 orcs
  5 bats
  11 giant cockroaches
  16 goblins
  7 hobgoblins
  12 jackals
  2 quokkas
  A ball python (D:2)
  5 frilled lizards
  A jackal zombie (D:6)
  18 kobolds
  A leopard gecko zombie (D:8)
  2 quokka skeletons
  A quokka zombie (D:9)
  4 rats
  2 bushes
  6 crawling corpses
3501 creatures vanquished.

Vanquished Creatures (collateral kills)
  A Brimstone Fiend (Zig:10)
  A chaos champion (Zig:10)
  A smoke demon (Zig:10)
3 creatures vanquished.

Vanquished Creatures (others)
  A deep elf master archer (Elf:3)
  A lich (Tomb:2)
  A fire giant (Depths:4)
  An ironheart preserver (Vaults:2)
  2 merfolk javelineers (Shoals:4)
  2 yaktaur captains (Vaults:5)
  2 centaur warriors
  A satyr (Shoals:3)
  An ogre mage (Vaults:5)
  11 death scarabs
  A storm dragon zombie (Tomb:2)
  A golden dragon zombie (Tomb:2)
  An unseen horror (Depths:5)
  2 deep elf archers (Elf:3)
  A hornet (Spider:4)
  A vault sentinel (Vaults:3)
  2 yaktaurs
  A merfolk (Shoals:4)
  7 flying skulls (Tomb:2)
  3 ushabtiu (Tomb:2)
  A water elemental (Coc:7)
  An ice dragon simulacrum (Tomb:2)
  An orc wizard (Orc:2)
  5 mummies (Tomb:2)
  A fulminant prism (IceCv)
  4 fungi
  2 pillars of salt (Elf:1)
  5 plants
  39 withered plants (Crypt:3)
102 creatures vanquished.

Grand Total: 3606 creatures vanquished

Notes
Turn   | Place    | Note
-------+----------+-------------------------------------------
     0 | D:1      | st0uf the Gargoyle Earth Elementalist began the quest for the Orb.
     0 | D:1      | Reached XP level 1. HP: 10/10 MP: 3/3
   280 | D:1      | Reached XP level 2. HP: 15/15 MP: 2/5
   878 | D:2      | Reached XP level 3. HP: 19/19 MP: 3/7
   883 | D:2      | Learned a level 3 spell: Stone Arrow
   885 | D:2      | Learned a level 1 spell: Apportation
  1295 | D:2      | Found a radiant altar of Vehumet.
  1303 | D:2      | Became a worshipper of Vehumet
  1362 | D:2      | Found a faded altar of an unknown god.
  1622 | D:3      | Reached XP level 4. HP: 22/24 MP: 3/9
  1841 | D:3      | Found a burning altar of Makhleb.
  1847 | D:3      | Reached skill level 1 in Conjurations
  2035 | D:3      | Reached XP level 5. HP: 27/28 MP: 4/10
  2227 | D:3      | Noticed Rationalist's ghost (amateur MiGl)
  2240 | D:3      | Killed Rationalist's ghost
  2240 | D:3      | Reached skill level 5 in Earth Magic
  2240 | D:3      | Reached XP level 6. HP: 10/32 MP: 5/12
  2577 | D:3      | Reached * piety under Vehumet
  2577 | D:3      | Offered knowledge of Sting by Vehumet.
  2616 | D:3      | Found a shimmering altar of Xom.
  2616 | D:3      | Found a burning altar of Makhleb.
  2717 | D:4      | Noticed Robin
  2733 | D:4      | Killed Robin
  2745 | D:4      | Got an ancient helmet
  2755 | D:4      | Identified the cursed +0 helmet of the Ecumenical Temple {rC+ MR++ Dex+7} (You took it off Robin on level 4 of the Dungeon)
  2863 | D:4      | Found a shattered altar of Ashenzari.
  2983 | D:4      | Learned a level 5 spell: Lee's Rapid Deconstruction
  2993 | D:4      | Reached skill level 1 in Translocations
  3176 | D:4      | Noticed Duvessa
  3176 | D:4      | Noticed Dowan
  3278 | D:4      | Noticed Blork the orc
  3281 | D:4      | Killed Blork the orc
  3281 | D:4      | Reached skill level 5 in Spellcasting
  3281 | D:4      | Reached XP level 7. HP: 36/36 MP: 4/14
  3676 | D:4      | Reached ** piety under Vehumet
  3681 | D:4      | Offered knowledge of Freeze by Vehumet.
  3980 | D:4      | Killed Dowan
  3987 | D:4      | Killed Duvessa
  4277 | D:5      | Entered Level 5 of the Dungeon
  4308 | D:5      | Reached XP level 8. HP: 41/41 MP: 11/16
  5067 | D:6      | Found Zin's Purification Station.
  5070 | D:6      | Found a glowing silver altar of Zin.
  5217 | D:6      | Reached skill level 1 in Armour
  5366 | D:6      | Reached skill level 1 in Fighting
  5503 | D:6      | Found a blossoming altar of Fedhas.
  5506 | D:6      | Found an opulent altar of Gozag.
  5538 | D:6      | Found an iron altar of Okawaru.
  5540 | D:6      | Found a shadowy altar of Dithmenos.
  5603 | D:7      | Noticed Joseph
  5627 | D:6      | Offered knowledge of Dazzling Spray by Vehumet.
  5665 | D:7      | Killed Joseph
  5665 | D:7      | Reached skill level 2 in Fighting
  5665 | D:7      | Reached skill level 5 in Conjurations
  5665 | D:7      | Reached XP level 9. HP: 8/48 MP: 2/19
  5841 | D:7      | Found a sand-covered staircase.
  6007 | Ossuary  | Entered an ossuary
  6025 | Ossuary  | Reached *** piety under Vehumet
  6219 | Ossuary  | Reached skill level 1 in Staves
  6232 | Ossuary  | Reached skill level 1 in Evocations
  6242 | Ossuary  | Offered knowledge of Mephitic Cloud by Vehumet.
  6250 | Ossuary  | Learned a level 3 spell: Mephitic Cloud
  6477 | D:7      | Found a staircase to the Ecumenical Temple.
  6492 | Temple   | Entered the Ecumenical Temple
  6527 | D:7      | Noticed Soeti's ghost (novice DDFi)
  6904 | D:7      | Killed Soeti's ghost
  6904 | D:7      | Reached skill level 3 in Fighting
  7172 | D:7      | Reached XP level 10. HP: 56/56 MP: 16/21
  7220 | D:7      | Found a runed door.
  7224 | D:7      | Noticed Crazy Yiuf
  7226 | D:7      | Killed Crazy Yiuf
  7929 | D:8      | Found a basalt altar of Yredelemnul.
  7969 | D:8      | Reached **** piety under Vehumet
  8102 | D:8      | Noticed Erica
  8156 | D:8      | Killed Erica
  8156 | D:8      | Reached skill level 4 in Fighting
  8392 | D:8      | Found a hazy altar of Hepliaklqana.
  8582 | D:8      | Offered knowledge of Lightning Bolt by Vehumet.
  9028 | D:9      | Found Sorhalie's Food Boutique.
  9179 | D:9      | Found a staircase to the Lair.
  9504 | Lair:1   | Entered Level 1 of the Lair of Beasts
  9526 | Lair:1   | Noticed an oklob plant
  9762 | Lair:1   | Noticed a spiny frog
  9767 | Lair:1   | Killed a spiny frog
  9800 | Lair:1   | Reached skill level 1 in Poison Magic
  9800 | Lair:1   | Reached XP level 11. HP: 62/62 MP: 13/23
  9855 | Lair:1   | Noticed a six-headed hydra
  9863 | Lair:1   | HP: 3/62 [six-headed hydra (6)]
  9864 | Lair:1   | Killed a six-headed hydra
  9864 | Lair:1   | Reached skill level 5 in Translocations
 10097 | Lair:1   | Noticed Gastronok
 10196 | Lair:1   | Killed Gastronok
 10196 | Lair:1   | Reached skill level 5 in Fighting
 10272 | Lair:1   | Reached ***** piety under Vehumet
 10272 | Lair:1   | Offered knowledge of Bolt of Cold by Vehumet.
 10272 | Lair:1   | Reached skill level 5 in Armour
 11175 | Lair:2   | Reached XP level 12. HP: 68/68 MP: 15/25
 11316 | Lair:2   | Found a staircase to the Shoals.
 11991 | Lair:3   | Learned a level 2 spell: Repel Missiles
 12301 | Lair:3   | Reached skill level 5 in Staves
 12617 | Lair:3   | Found a hole to the Spider Nest.
 12647 | Lair:3   | Reached skill level 6 in Fighting
 12647 | Lair:3   | Reached skill level 1 in Charms
 13237 | Lair:1   | Identified 2 scrolls of acquirement
 13238 | Lair:1   | Got a brightly glowing amethyst amulet
 13239 | Lair:1   | Identified the amulet "Jyiczem" {Reflect rElec Dex+10 SH+5} (You acquired it on level 1 of the Lair of Beasts)
 13442 | Lair:4   | Reached skill level 1 in Air Magic
 13480 | Lair:4   | Found a frozen archway.
 13497 | IceCv    | Entered an ice cave
 13697 | IceCv    | Reached skill level 5 in Dodging
 13790 | IceCv    | Noticed sergedm's ghost (journeyman DECj)
 13862 | IceCv    | Noticed an ice dragon
 13863 | IceCv    | Noticed an ice dragon
 13871 | IceCv    | Killed an ice dragon
 13871 | IceCv    | Reached skill level 10 in Spellcasting
 13888 | IceCv    | Killed an ice dragon
 13888 | IceCv    | Reached XP level 13. HP: 39/74 MP: 1/27
 13917 | IceCv    | Killed sergedm's ghost
 14419 | Lair:4   | Reached skill level 5 in Evocations
 14624 | Lair:4   | Noticed Sonja
 14652 | Lair:4   | Killed Sonja
 15077 | Lair:3   | Reached skill level 10 in Earth Magic
 15196 | Lair:4   | Offered knowledge of Venom Bolt by Vehumet.
 15215 | Lair:4   | Learned a level 5 spell: Venom Bolt
 15590 | Lair:5   | Found a labyrinth entrance.
 15599 | Lab      | Entered a labyrinth
 15743 | Lab      | Noticed a minotaur
 15747 | Lab      | Killed a minotaur
 15754 | Lab      | Got a scorched glass ring
 16204 | Lair:5   | Found an ancient bone altar of Kikubaaqudgha.
 16668 | Lair:6   | Entered Level 6 of the Lair of Beasts
 16739 | Lair:6   | Reached skill level 7 in Fighting
 16864 | Lair:6   | Found an iron altar of Okawaru.
 17006 | Lair:5   | Gained mutation: Your large and strong wings let you fly indefinitely. [Gargoyle growth]
 17006 | Lair:5   | Reached XP level 14. HP: 32/82 MP: 28/28
 17008 | Lair:5   | Gained mutation: You are somewhat resistant to further mutation. [potion of beneficial mutation]
 17291 | Lair:1   | Learned a level 2 spell: Blink
 17298 | Lair:1   | Learned a level 6 spell: Poisonous Cloud
 17424 | Lair:6   | Found a staircase to the Slime Pits.
 17424 | Lair:6   | Found a viscous altar of Jiyva.
 17564 | Lair:6   | Identified the ring of Discretion {rElec MR+} (You found it in a labyrinth)
 17693 | Lair:6   | Reached ****** piety under Vehumet
 17918 | Lair:6   | Reached skill level 5 in Poison Magic
 18244 | Lair:6   | Offered knowledge of Bolt of Draining by Vehumet.
 18962 | D:10     | Entered Level 10 of the Dungeon
 19068 | D:10     | Found Roroweow's Distillery.
 19171 | D:10     | Found Gura's Distillery.
 19172 | D:10     | Noticed Xenophilius's ghost (novice MiGl)
 19192 | D:10     | Noticed Grum
 19194 | D:10     | Killed Xenophilius's ghost
 19207 | D:10     | Killed Grum
 19340 | D:10     | Bought a potion of haste for 150 gold pieces
 19340 | D:10     | Bought a potion of heal wounds for 75 gold pieces
 19340 | D:10     | Bought a potion of magic for 120 gold pieces
 19340 | D:10     | Bought a potion of heal wounds for 75 gold pieces
 19340 | D:10     | Bought a potion of brilliance for 60 gold pieces
 19738 | D:10     | Found a staircase to the Orcish Mines.
 20109 | D:10     | Found Maihyuff's Assorted Antiques.
 20210 | Orc:1    | Entered Level 1 of the Orcish Mines
 20212 | Orc:1    | Noticed Urug
 20218 | Orc:1    | Killed Urug
 20421 | Orc:1    | Reached skill level 8 in Fighting
 21455 | Orc:2    | Entered Level 2 of the Orcish Mines
 21460 | Orc:2    | Reached XP level 15. HP: 88/88 MP: 30/30
 21588 | Orc:2    | Found a staircase to the Elven Halls.
 21668 | Orc:1    | Noticed Harold
 21673 | Orc:1    | Killed Harold
 21673 | Orc:1    | Reached skill level 1 in Shields
 22097 | Orc:2    | Offered knowledge of Iskenderun's Battlesphere by Vehumet.
 22157 | Orc:2    | Found Alukap's Armour Emporium.
 22171 | Orc:2    | Reached skill level 10 in Conjurations
 22353 | Orc:2    | Noticed Saint Roka
 23202 | Orc:2    | Killed Saint Roka
 23524 | Orc:2    | Found Kimodgh's Book Emporium.
 23525 | Orc:2    | Found Guomyukluo's Assorted Antiques.
 23525 | Orc:2    | Found Siseih's Magic Scroll Shop.
 23526 | Orc:2    | Reached skill level 5 in Charms
 23546 | Orc:2    | Bought a scroll of identify for 30 gold pieces
 23554 | Orc:2    | Bought 3 scrolls of identify for 126 gold pieces
 23554 | Orc:2    | Bought a pair of runed boots for 94 gold pieces
 23671 | Orc:2    | Bought a +0 helmet of see invisible for 161 gold pieces
 24465 | D:12     | Found a shimmering altar of Xom.
 24624 | D:12     | Offered knowledge of Iron Shot by Vehumet.
 24632 | D:12     | Learned a level 6 spell: Freezing Cloud
 25044 | D:13     | Found a gate to the Vaults.
 25059 | D:13     | Reached skill level 1 in Ice Magic
 25225 | D:13     | Noticed Kirke
 25234 | D:13     | Killed Kirke
 25579 | D:13     | Reached XP level 16. HP: 89/94 MP: 32/32
 26458 | D:14     | Found Plog's Distillery.
 26466 | D:14     | Bought a potion of brilliance for 72 gold pieces
 26466 | D:14     | Bought a potion of brilliance for 72 gold pieces
 26466 | D:14     | Bought 2 potions of heal wounds for 180 gold pieces
 26697 | Lair:1   | Learned a level 3 spell: Regeneration
 26717 | Lair:1   | Upgraded the game from 0.19-a0-1587-gaef70b6 to 0.19-a0-1608-g4cf22de
 27045 | D:14     | Noticed Iwannabefree's ghost (journeyman DESu)
 27584 | D:14     | Killed Iwannabefree's ghost
 27685 | D:15     | Entered Level 15 of the Dungeon
 27690 | D:15     | Noticed Josephine
 27702 | D:15     | Killed Josephine
 27756 | D:15     | Noticed Nessos
 27762 | D:15     | Reached skill level 5 in Air Magic
 27789 | D:15     | Killed Nessos
 27789 | D:15     | Reached skill level 1 in Necromancy
 27805 | D:15     | Noticed slayr's ghost (journeyman GrEE)
 28560 | Spider:1 | Entered Level 1 of the Spider Nest
 29210 | Spider:1 | Reached skill level 9 in Fighting
 29237 | Spider:1 | Offered knowledge of Bolt of Fire by Vehumet.
 29537 | Spider:2 | Noticed Frances
 29553 | Spider:1 | Killed Frances
 30042 | Spider:2 | Got a tattered robe
 30170 | Spider:2 | Identified the +1 robe "Gutit" {Regen+ Str+4 Int-2} (You found it on level 2 of the Spider Nest)
 30778 | Spider:3 | Noticed Agnes
 30793 | Spider:3 | Killed Agnes
 30919 | Spider:3 | Reached XP level 17. HP: 95/100 MP: 33/33
 31368 | Spider:3 | Offered knowledge of Orb of Destruction by Vehumet.
 31731 | Spider:4 | Entered Level 4 of the Spider Nest
 31807 | Spider:4 | Reached skill level 5 in Ice Magic
 31853 | Spider:4 | Noticed Bai Suzhen
 32104 | Spider:4 | Reached skill level 5 in Shields
 32838 | Orc:2    | Bought a book of Frost for 560 gold pieces
 32838 | Orc:2    | Bought a book of Power for 720 gold pieces
 32845 | Orc:2    | Learned a level 6 spell: Iron Shot
 32893 | Elf:1    | Entered Level 1 of the Elven Halls
 33245 | Elf:1    | Found a ruined gateway.
 33255 | Desolati | Entered the Desolation of Salt
 33475 | Desolati | Reached skill level 10 in Fighting
 34157 | Desolati | Identified the Disquisition on Snow and the Oath
 34174 | Desolati | Identified the Collected Works on Damaging Transmutation
 34271 | Desolati | Identified the Almanac of Gliding Dislocation
 34277 | Desolati | Identified the Tome of Evil Secrets and the Compass
 34425 | Desolati | Reached XP level 18. HP: 108/108 MP: 24/35
 34609 | Desolati | Learned a level 3 spell: Ozocubu's Armour
 34703 | Desolati | Got a faintly glowing copper amulet
 34704 | Desolati | Identified the amulet of Ybiumip {Dismiss +Blink Str-2 Int+4 Dex+4} (You found it in the Desolation of Salt)
 35607 | Elf:1    | Reached skill level 10 in Armour
 35612 | Elf:1    | Offered knowledge of Lehudib's Crystal Spear by Vehumet.
 35612 | Elf:1    | Offered knowledge of Glaciate by Vehumet.
 35612 | Elf:1    | Offered knowledge of Shatter by Vehumet.
 36552 | Elf:1    | Reached skill level 11 in Fighting
 37052 | Elf:2    | Found a flickering gateway to a bazaar.
 37071 | Elf:2    | Identified the Disquisition on Unholy Envenoming
 37075 | Bazaar   | Entered a bazaar
 37075 | Bazaar   | Found Erry's General Store.
 37082 | Bazaar   | Found Yroz's Distillery.
 37090 | Bazaar   | Found Rayjusk's Antique Weapon Shoppe.
 37101 | Bazaar   | Found Iso Qala's Antique Armour Boutique.
 37116 | Bazaar   | Found Wafruemina's Jewellery Emporium.
 37155 | Bazaar   | Bought a potion of cure mutation for 225 gold pieces
 37187 | Bazaar   | Bought the amulet of a Spat {Gourm rElec rF+++ Str+2 Int-4} for 598 gold pieces
 37187 | Bazaar   | Bought an uncursed ring of see invisible for 120 gold pieces
 37525 | Elf:2    | Found a huge runed gate.
 37525 | Elf:2    | Found a huge runed gate.
 37525 | Elf:2    | Found a huge runed gate.
 37920 | Elf:2    | Reached XP level 19. HP: 107/115 MP: 32/36
 38687 | Elf:3    | Entered Level 3 of the Elven Halls
 40436 | Elf:2    | Reached skill level 12 in Fighting
 41031 | Elf:3    | Got a scorched platinum ring
 41089 | Elf:3    | Identified the Collected Works on Noxious Dislocation
 41134 | Elf:3    | Got a fine lajatang
 41172 | Elf:3    | Identified the +3 lajatang "Meaqotol" {drain, *Corrode rC+ Int+3} (You found it on level 3 of the Elven Halls)
 41174 | Elf:3    | Identified the ring "Zeggissu" {*Corrode rElec rPois rC++ Str+2} (You found it on level 3 of the Elven Halls)
 41181 | Elf:3    | Got a pitted golden amulet
 41182 | Elf:3    | Identified the amulet of Optimism {Reflect MR- Str+6 Dex+2 SH+2} (You found it on level 3 of the Elven Halls)
 41227 | Elf:3    | Reached XP level 20. HP: 117/122 MP: 25/38
 41322 | Elf:3    | Got a blackened buckler
 41323 | Elf:3    | Identified the +2 buckler of the Devil {rC- rN+++ MR+ Dex-3} (You found it on level 3 of the Elven Halls)
 42219 | Spider:4 | Killed Bai Suzhen
 42869 | Spider:4 | Reached skill level 10 in Staves
 43013 | Spider:4 | Got a gossamer rune of Zot
 44517 | Shoals:1 | Entered Level 1 of the Shoals
 45490 | Shoals:2 | Got a sheer robe
 45491 | Shoals:2 | Identified the +1 robe "Milydgho" {-Tele Str+4 Int+3 SInv} (You found it on level 2 of the Shoals)
 45777 | Shoals:2 | Found Kobulug's Distillery.
 46032 | Shoals:3 | Reached skill level 5 in Necromancy
 46182 | Shoals:3 | Reached skill level 13 in Fighting
 46819 | Shoals:4 | Entered Level 4 of the Shoals
 47308 | Shoals:4 | Noticed Ilsuiw
 47333 | Shoals:4 | Killed Ilsuiw
 47334 | Shoals:4 | Reached XP level 21. HP: 116/129 MP: 15/39
 48546 | Shoals:4 | Reached skill level 10 in Evocations
 48624 | Shoals:4 | Got a barnacled rune of Zot
 48959 | Vaults:1 | Entered Level 1 of the Vaults
 50933 | Vaults:2 | Found Qestuijo's Jewellery Emporium.
 51117 | Vaults:2 | Reached skill level 15 in Spellcasting
 51216 | Vaults:2 | Reached XP level 22. HP: 103/136 MP: 9/41
 51335 | Vaults:2 | Learned a level 8 spell: Lehudib's Crystal Spear
 51436 | Vaults:2 | Reached skill level 14 in Fighting
 51793 | Vaults:2 | Identified the cursed +0 mace "Jaxaf" {venom, +Inv rC- Int+2 Dex+6} (You found it on level 2 of the Vaults)
 52025 | Vaults:2 | Found a staircase to the Crypt.
 52523 | Vaults:3 | Reached skill level 10 in Poison Magic
 52740 | Vaults:3 | Reached skill level 10 in Dodging
 54502 | Vaults:5 | Entered Level 5 of the Vaults
 54506 | Vaults:5 | Noticed a golden dragon
 54811 | Vaults:4 | Reached skill level 10 in Ice Magic
 54901 | Vaults:4 | Killed a golden dragon
 54905 | Vaults:4 | Reached XP level 23. HP: 87/143 MP: 28/42
 55426 | Vaults:4 | Reached skill level 15 in Earth Magic
 55570 | Vaults:5 | Reached skill level 10 in Shields
 55571 | Vaults:5 | Noticed an ancient lich
 55704 | Vaults:5 | Killed an ancient lich
 56105 | Vaults:5 | Noticed a golden dragon
 56309 | Vaults:4 | Killed a golden dragon
 56730 | Vaults:5 | Reached skill level 15 in Fighting
 57073 | Vaults:5 | Noticed an ancient lich
 57080 | Vaults:5 | Killed an ancient lich
 57291 | Vaults:5 | Got a silver rune of Zot
 57352 | Vaults:5 | Noticed Jorgrun
 57358 | Vaults:5 | Killed Jorgrun
 57733 | Vaults:5 | Identified a +5 rod of clouds (10/10) (You found it on level 5 of the Vaults)
 58102 | Crypt:1  | Entered Level 1 of the Crypt
 58129 | Crypt:1  | Reached XP level 24. HP: 151/151 MP: 26/43
 58490 | Crypt:1  | You are sucked into a shaft!
 58802 | Crypt:1  | Noticed Margery
 58807 | Crypt:1  | Killed Margery
 58813 | Crypt:1  | Noticed a greater mummy
 58813 | Crypt:1  | Noticed Khufu
 58822 | Crypt:1  | Noticed a greater mummy
 59020 | Crypt:1  | Killed Khufu
 59197 | Crypt:1  | Killed a greater mummy
 59266 | Crypt:1  | Killed a greater mummy
 61689 | Crypt:3  | Entered Level 3 of the Crypt
 62327 | Crypt:3  | Found a staircase to the Tomb.
 62404 | Crypt:3  | Reached skill level 16 in Fighting
 62617 | Crypt:3  | Got a clouded tin ring
 62617 | Crypt:3  | Got a wavering golden ring
 62617 | Crypt:3  | Got a faintly glowing platinum ring
 62620 | Crypt:3  | Identified the ring of Juiresy {+Fly rN+ Int-4 SInv Stlth+} (You found it on level 3 of the Crypt)
 62621 | Crypt:3  | Identified the ring of Boqust {rN+ Str+9 Int-4} (You found it on level 3 of the Crypt)
 62622 | Crypt:3  | Identified the ring of Cycup {rN+ Int+3} (You found it on level 3 of the Crypt)
 62644 | Crypt:3  | Noticed an ancient lich
 62653 | Crypt:3  | Killed an ancient lich
 62789 | Crypt:3  | Got a scintillating graven amulet
 62790 | Crypt:3  | Identified the amulet "Kiogorr" {Spirit Dex+5} (You found it on level 3 of the Crypt)
 62793 | Crypt:3  | Got a pair of crude boots
 62794 | Crypt:3  | Identified the +0 pair of boots of Action {MP+9} (You found it on level 3 of the Crypt)
 62990 | Crypt:3  | Found an ancient bone altar of Kikubaaqudgha.
 62992 | Crypt:3  | Reached XP level 25. HP: 157/157 MP: 11/43
 64098 | Lair:1   | Identified a +1 rod of clouds (10/10) (You found it on level 3 of the Crypt)
 64364 | Tomb:1   | Entered Level 1 of the Tomb of the Ancients
 64937 | Tomb:1   | Noticed an ancient lich
 65069 | Tomb:1   | Killed an ancient lich
 65413 | Tomb:1   | Noticed a greater mummy
 65487 | Tomb:1   | Killed a greater mummy
 65591 | Tomb:1   | Noticed a greater mummy
 65755 | Tomb:1   | Killed a greater mummy
 65905 | Tomb:1   | Reached skill level 17 in Fighting
 66069 | Tomb:1   | Got a pair of bloodstained gloves
 66070 | Tomb:1   | Identified the +0 pair of gloves of the End {rElec Int+4} (You found it on level 1 of the Tomb of the Ancients)
 66148 | Tomb:2   | Noticed a greater mummy
 66148 | Tomb:2   | Noticed a greater mummy
 66148 | Tomb:2   | Noticed a greater mummy
 66148 | Tomb:2   | Noticed a greater mummy
 66251 | Tomb:1   | Killed a greater mummy
 66558 | Tomb:1   | Killed a greater mummy
 66667 | Tomb:1   | Killed a greater mummy
 66667 | Tomb:1   | Reached XP level 26. HP: 152/166 MP: 3/44
 66813 | Tomb:2   | Killed a greater mummy
 67067 | Tomb:1   | Noticed a greater mummy
 67067 | Tomb:1   | Noticed a greater mummy
 67067 | Tomb:1   | Noticed a greater mummy
 67167 | Tomb:1   | Noticed a greater mummy
 67172 | Tomb:2   | Killed a greater mummy
 67181 | Tomb:2   | Killed a greater mummy
 67433 | Tomb:2   | Killed a greater mummy
 67502 | Tomb:1   | Noticed a greater mummy
 67503 | Tomb:2   | Killed a greater mummy
 67750 | Tomb:1   | Noticed a greater mummy
 67755 | Tomb:2   | Killed a greater mummy
 67902 | Tomb:1   | Killed a greater mummy
 67902 | Tomb:1   | Reached skill level 15 in Conjurations
 68037 | Tomb:1   | Noticed a greater mummy
 68042 | Tomb:1   | Killed a greater mummy
 68098 | Tomb:1   | Noticed a greater mummy
 68100 | Tomb:1   | Killed a greater mummy
 68238 | Tomb:1   | Noticed a greater mummy
 68242 | Tomb:1   | Killed a greater mummy
 68244 | Tomb:1   | Noticed a greater mummy
 68246 | Tomb:1   | Noticed a greater mummy
 68404 | Tomb:1   | Killed a greater mummy
 68545 | Tomb:1   | Killed a greater mummy
 68555 | Tomb:1   | Noticed a greater mummy
 68774 | Tomb:1   | Killed a greater mummy
 68819 | Tomb:1   | Noticed a greater mummy
 68834 | Tomb:1   | Killed a greater mummy
 68873 | Tomb:1   | Noticed a greater mummy
 68895 | Tomb:1   | Killed a greater mummy
 68997 | Tomb:1   | Noticed a greater mummy
 69015 | Tomb:1   | Noticed a greater mummy
 69028 | Tomb:1   | Killed a greater mummy
 69231 | Tomb:1   | Killed a greater mummy
 69258 | Tomb:1   | Noticed a greater mummy
 69421 | Tomb:1   | Killed a greater mummy
 69435 | Tomb:1   | Noticed a greater mummy
 69452 | Tomb:1   | Killed a greater mummy
 69457 | Tomb:1   | Noticed a greater mummy
 69669 | Tomb:1   | Killed a greater mummy
 69669 | Tomb:1   | Reached skill level 18 in Fighting
 69745 | Tomb:1   | Noticed a greater mummy
 69747 | Tomb:1   | Noticed GameOver's ghost (legendary NaWz)
 69767 | Tomb:1   | Killed a greater mummy
 69931 | Tomb:1   | Killed GameOver's ghost
 69931 | Tomb:1   | Reached XP level 27. HP: 173/173 MP: 24/45
 70448 | Lair:1   | Got a translucent ruby amulet
 70449 | Lair:1   | Identified the amulet of Zorghin {RegenMP +Blink rF+ rN++ SInv} (You acquired it on level 1 of the Lair of Beasts)
 70455 | Lair:1   | Got a pitted bone amulet
 70456 | Lair:1   | Identified the amulet "Sempoh" {Faith rN+} (You acquired it on level 1 of the Lair of Beasts)
 71101 | Tomb:3   | Entered Level 3 of the Tomb of the Ancients
 71126 | Tomb:3   | Noticed a greater mummy
 71128 | Tomb:3   | Noticed a greater mummy
 71130 | Tomb:3   | Noticed a greater mummy
 71133 | Tomb:3   | Noticed a greater mummy
 71248 | Tomb:3   | Noticed Mennas
 71438 | Tomb:2   | Paralysed by the power of Zot for 2 turns
 71492 | Tomb:2   | Killed Mennas
 71677 | Tomb:2   | Killed a greater mummy
 71950 | Tomb:2   | Killed a greater mummy
 71950 | Tomb:2   | Reached skill level 15 in Armour
 72068 | Tomb:2   | Killed a greater mummy
 72363 | Tomb:3   | Noticed a greater mummy
 72367 | Tomb:3   | Killed a greater mummy
 72382 | Tomb:3   | Noticed a greater mummy
 72383 | Tomb:3   | Noticed a greater mummy
 72742 | Tomb:3   | Killed a greater mummy
 72933 | Tomb:3   | Killed a greater mummy
 72987 | Tomb:3   | Noticed a greater mummy
 73004 | Tomb:3   | Killed a greater mummy
 73149 | Tomb:2   | Killed a greater mummy
 73738 | Tomb:3   | Noticed a greater mummy
 73750 | Tomb:3   | Killed a greater mummy
 74014 | Tomb:3   | Identified the Volume of Unholy Rites
 74042 | Tomb:3   | Got a scintillating glass ring
 74043 | Tomb:3   | Identified the ring of Coplanih {+Blink Str-3 Int+3 Dex+4} (You found it on level 3 of the Tomb of the Ancients)
 74045 | Tomb:3   | Identified Sif Muna's Papyrus of the Compass
 74076 | Tomb:3   | Identified Wije's Guide on Poisoning
 74155 | Tomb:3   | Got a golden rune of Zot
 74917 | Slime:1  | Entered Level 1 of the Pits of Slime
 75423 | Slime:5  | Entered Level 5 of the Pits of Slime
 75558 | Slime:5  | Gained mutation: Your spells are a little easier to cast, but a little less powerful. [a shining eye]
 75560 | Slime:5  | Reached skill level 19 in Fighting
 75735 | Slime:5  | Noticed the Royal Jelly
 75741 | Slime:5  | Killed the Royal Jelly
 76806 | Slime:5  | Identified the Collected Works on Supportive Boosts
 76842 | Slime:5  | Got a slimy rune of Zot
 76860 | Slime:5  | Identified the +2 pair of gloves "Dozid" {Int+2} (You found it on level 5 of the Pits of Slime)
 76936 | Slime:5  | Identified the amulet of Elorch {Faith rC+ Dex+3 Slay+3} (You found it on level 5 of the Pits of Slime)
 76942 | Slime:5  | Identified the +0 pair of gloves of Ceneuh {+Fly Str+6 Int+2} (You found it on level 5 of the Pits of Slime)
 77252 | Lair:1   | Upgraded the game from 0.19-a0-1608-g4cf22de to 0.19-a0-1626-g5215c36
 77400 | D:15     | Killed slayr's ghost
 77886 | D:15     | Found a staircase to the Depths.
 78002 | D:15     | Learned a level 9 spell: Shatter
 78031 | Depths:1 | Entered Level 1 of the Depths
 78092 | Depths:1 | Found a gateway to Hell.
 78758 | Depths:1 | Found a one-way gate leading to the halls of Pandemonium.
 79459 | Depths:2 | Found a one-way gate to the infinite horrors of the Abyss.
 79720 | Depths:2 | Identified the Compendium of Dusty Companions
 80418 | Depths:3 | Noticed Jory
 80450 | Depths:3 | Killed Jory
 80988 | Depths:3 | Reached skill level 20 in Fighting
 81336 | Depths:4 | Found a gateway to a ziggurat.
 81370 | Depths:4 | Found a white marble altar of Elyvilon.
 81371 | Depths:4 | Found an opulent altar of Gozag.
 81375 | Depths:4 | Found a stormy altar of Qazlal.
 81488 | Depths:4 | Noticed a juggernaut
 81496 | Depths:4 | Killed a juggernaut
 81845 | Depths:4 | Noticed a juggernaut
 81885 | Depths:4 | Killed a juggernaut
 82180 | Depths:4 | Noticed a juggernaut
 82191 | Depths:4 | Killed a juggernaut
 82578 | Depths:4 | Noticed an ancient lich
 82582 | Depths:4 | Killed an ancient lich
 82734 | Depths:4 | Noticed a juggernaut
 82742 | Depths:4 | Killed a juggernaut
 82753 | Depths:4 | Identified the amulet of Ydwod {Spirit rF+ rC+ Dex-4} (You acquired it on level 4 of the Depths)
 83075 | Depths:5 | Entered Level 5 of the Depths
 83126 | Depths:5 | Reached skill level 15 in Shields
 83511 | Depths:5 | Reached skill level 21 in Fighting
 83547 | Depths:5 | Found a gate to the Realm of Zot.
 83650 | Depths:5 | Found Beuddure's General Store.
 83656 | Depths:5 | Bought a scroll of identify for 36 gold pieces
 83656 | Depths:5 | Bought a scroll of identify for 36 gold pieces
 84638 | Hell     | Entered the Vestibule of Hell
 84638 | Hell     | Noticed Geryon
 85133 | Hell     | Killed Geryon
 85238 | Hell     | Found a gateway to the decaying netherworld of Tartarus.
 85351 | Hell     | Found a gateway to the Iron City of Dis.
 85430 | Hell     | Found a gateway to the freezing wastes of Cocytus.
 85883 | Coc:1    | Entered Level 1 of Cocytus
 86693 | Coc:4    | Reached skill level 15 in Ice Magic
 86840 | Coc:5    | Reached skill level 15 in Evocations
 87190 | Coc:7    | Entered Level 7 of Cocytus
 87494 | Coc:7    | Reached skill level 22 in Fighting
 87767 | Zig:1    | Entered Level 1 of a ziggurat
 87793 | Zig:2    | Entered Level 2 of a ziggurat
 87815 | Zig:3    | Entered Level 3 of a ziggurat
 87854 | Zig:4    | Entered Level 4 of a ziggurat
 87916 | Zig:5    | Entered Level 5 of a ziggurat
 87948 | Zig:6    | Entered Level 6 of a ziggurat
 87989 | Zig:6    | Identified the Tome of Toxins
 88010 | Zig:6    | Identified a +5 rod of shadows (11/11) (You found it on level 6 of a ziggurat)
 88071 | Zig:7    | Entered Level 7 of a ziggurat
 88158 | Zig:8    | Entered Level 8 of a ziggurat
 88201 | Zig:9    | Entered Level 9 of a ziggurat
 88225 | Zig:9    | Got a flickering copper ring
 88226 | Zig:9    | Identified the cursed ring of Ucaecesta {-Tele AC-5 Str+4} (You found it on level 9 of a ziggurat)
 88251 | Zig:9    | Identified the +7 scale mail of the Journeyman {rElec rC+ Stlth+} (You found it on level 9 of a ziggurat)
 88254 | Zig:10   | Entered Level 10 of a ziggurat
 88267 | Zig:10   | Noticed Heythr Wuobb the pandemonium lord
 88280 | Zig:10   | Killed Heythr Wuobb the pandemonium lord
 88301 | Zig:10   | Identified the Incunabulum of Spatial Weightlessness
 88325 | Zig:10   | Learned a level 9 spell: Glaciate
 88514 | Zig:11   | Entered Level 11 of a ziggurat
 88589 | Zig:11   | Identified the Collected Works on Blows and Bruises
 88592 | Zig:11   | Identified the Incunabulum of Bewitchment
 88603 | Zig:11   | Got a fine pewter ring
 88604 | Zig:11   | Identified the cursed ring "Moni" {rN+ Int-2} (You found it on level 11 of a ziggurat)
 88618 | Zig:11   | Identified Sif Muna's Volume of Floating Augmentations
 88643 | Zig:12   | Entered Level 12 of a ziggurat
 88830 | Zig:12   | Identified the cursed +0 chain mail of Anije {rPois MR+} (You found it on level 12 of a ziggurat)
 88877 | Zig:13   | Entered Level 13 of a ziggurat
 88947 | Zig:13   | Identified a +5 rod of clouds (11/11) (You found it on level 13 of a ziggurat)
 88950 | Zig:13   | Identified the +2 pair of gloves of Unyd {-Tele rPois MR+ Int+2} (You found it on level 13 of a ziggurat)
 88985 | Zig:14   | Entered Level 14 of a ziggurat
 89017 | Zig:14   | Noticed an ancient lich
 89018 | Zig:14   | Noticed an ancient lich
 89019 | Zig:14   | Killed an ancient lich
 89021 | Zig:14   | Killed an ancient lich
 89056 | Zig:14   | Identified Eqych's Disquisition on Flying Unholy Secrets
 89064 | Zig:14   | Got a steaming ivory amulet
 89065 | Zig:14   | Identified the amulet "Pocun" {Dismiss Str+4} (You found it on level 14 of a ziggurat)
 89091 | Zig:15   | Entered Level 15 of a ziggurat
 89151 | Zig:15   | Identified the amulet "Dutiutir" {Gourm rElec Int+3} (You found it on level 15 of a ziggurat)
 89177 | Zig:15   | Got a vibrating bronze amulet
 89178 | Zig:15   | Identified the amulet "Asiakh" {Reflect MP+9 Int-5 Dex+6 SH+4} (You found it on level 15 of a ziggurat)
 89187 | Zig:15   | Got a pitted emerald amulet
 89188 | Zig:15   | Identified the amulet "Cox Sica" {Inacc *Slow rF+ rC+} (You found it on level 15 of a ziggurat)
 89195 | Zig:16   | Entered Level 16 of a ziggurat
 89214 | Zig:16   | Noticed Sazeil the pandemonium lord
 89214 | Zig:16   | Reached skill level 23 in Fighting
 89225 | Zig:16   | Gained mutation: You occasionally shout uncontrollably at your foes. [a cacodemon]
 89228 | Zig:16   | HP: 9/188 [balrug/demon whip (8)]
 89230 | Zig:16   | HP: 4/188 [blizzard demon/the air (9)]
 89231 | Zig:16   | Slain by a balrug

Vault maps used:
D:1:      minmay_arrival_checkered_box
D:2:      fiery_altar_vehumet, first_bread, ecumenical_altar_1,
          serial_park_tiny_2, minmay_misc_feat_diagonals, minmay_fountain_box
D:3:      grunt_temple_overflow_champion_of_chaos, makhleb_heckhound_becter
D:4:      evilmike_ruin_ashenzari, nicolae_zen_rock_garden, uniq_duvessa,
          uniq_robin, uniq_blork_the_orc
D:6:      nicolae_overflow_hidden_temple, zin_purify
D:7:      nicolae_ossuary_entry_false_entrances, serial_bayou_lagoon_a,
          the_bakery, uniq_crazy_yiuf_cottage, uniq_joseph
D:8:      kennysheep_little_box, basic_altar, kennysheep_small_square,
          uniq_erica
D:9:      lair_0_dummy, serial_shops, nicolae_shop_competitors_out_of_business
D:10:     david_orc_1_choice, serial_shops, shop, shop_statue, shop, uniq_grum
D:12:     minmay_guarded_unrand_variability
D:13:     erik_vaults_2, feat_on_display, uniq_kirke
D:14:     serial_park_square2, serial_shops, nicolae_shop_trees
D:15:     hangedman_depths_entry_try_elsewhere_first, uniq_josephine,
          uniq_nessos
Temple:   jpeg_temple_clearing
Lair:1:   minmay_guarded_unrand_snakebite, minmay_lair_oklob_bushes,
          uniq_gastronok
Lair:2:   minmay_lair_oklob_items, elwin_shoals_entry_rocks, grunt_megastairs_3
Lair:3:   spider_nest_entry_funnel_web
Lair:4:   portal_ice_cave_entry_pillars_1, ice2_lemuel, grunt_megastairs_1,
          uniq_sonja
Lair:5:   basic_altar, lab_entry_generic, beast_lair_carwin_1
Lair:6:   minmay_lair_end_enchanted_forest, slime_altar_1, basic_altar,
          st_stairs_6
Shoals:1: nicolae_shoals_so_close
Shoals:2: serial_shops, shop
Shoals:4: shoals_end_grunt_ice, shoals_ilsuiw_ice
Spider:2: nicolae_spider_mines_3, uniq_frances
Spider:3: uniq_agnes
Spider:4: guppyfry_spider_rune, uniq_bai_suzhen
Orc:1:    uniq_harold, uniq_urug
Orc:2:    st_orc_elflike, uniq_saint_roka
Elf:1:    minmay_elf_arrival_summoners, portal_desolation_entry_garden,
          orc_legates
Elf:2:    serial_shops, bzr_entry_dummy
Elf:3:    elf_hall
Vaults:1: hangedman_vaults_trim, hangedman_vaults_pinch,
          nicolae_vaults_shelves_hall, vaults_room_pool,
          vaults_room_guarded_vault, hangedman_vaults_nails, v_misc_4,
          v_misc_25, ontoclasm_vaults_shuriken
Vaults:2: st_lattice, nicolae_vaults_ninety_degrees,
          minmay_crypt_entry_simple_statues, v_misc_19,
          vaults_mumra_minichess_inversion, v_misc_2, hangedman_vaults_cutoff,
          v_pattern_5, v_alt_pattern_4, nicolae_vaults_diagonal_hallway_7,
          grunt_vaults_hallway_short, serial_shops, shop
Vaults:3: v_pattern_2, vaults_dpeg_hooks, ontoclasm_vaults_bender,
          nicolae_vaults_alarming, nicolae_vaults_theta,
          hangedman_vaults_corner, vaults_room_stairs_pillars,
          ontoclasm_vaults_decontamination
Vaults:4: ontoclasm_vaults_pinch, v_rooms_5, nicolae_vaults_border_crossing,
          nicolae_vaults_puzzle_piece, hangedman_vaults_maws, vaults_dpeg_cross,
          v_alt_pattern_2, dpeg_vaults_monster_row
Vaults:5: uniq_jorgrun
Crypt:1:  serial_sigils_hangedman_quiver, grunt_crypt_arrival_webbed,
          uniq_margery, uniq_khufu
Crypt:2:  lemuel_freeze_loot_1
Crypt:3:  evilmike_haunted_forest
Tomb:3:   uniq_mennas
Depths:1: nicolae_two_hexagons, pf_hell_entry_tar_spiral,
          rand_demon_pan_entry_5, kennysheep_just_a_vault
Depths:2: kennysheep_cluttered_fort, abyss_entry, grunt_mini_vestibule,
          st_stairs_11, infiniplex_staircase_trident, serial_bayou_shore_b,
          serial_bayou_shore_b
Depths:3: minmay_two_paths, abyss_entry, minivault_14, grunt_pan_entry_zigzag,
          hell_entry, uniq_jory
Depths:4: hangedman_slaughterboxes, serial_shops, hell_entry, abyss_entry
Depths:5: evilmike_zot_entry_diamond, hex_tiny, pan_entry, hell_entry,
          minmay_room_of_horrors, serial_shops, nicolae_shop_window_shopping
Coc:7:    coc_grunt_cove
Zig:4:    ziggurat_pillar_centre_c
Zig:11:   ziggurat_pillar_centre_dead_trees
Lab:      labyrinth_hidden_loot, nicolae_lab_dead_end
Bazaar:   bazaar_lake
Ossuary:  ossuary_minmay_four_chambers
IceCv:    ice_cave_small_dragons

Skill      XL: |  1  2  3  4  5  6  7  8  9 10 11 12 13 14 15 16 17 18 19 20 21 22 23 24 25 26 27 |
---------------+----------------------------------------------------------------------------------+-----
Spellcasting   | 3 4 5 6 7 8 9 10 11 12 13 14 15 16 17 18 21 | 21.8
Earth Magic    | 4 5 6 7 8 9 10 11 12 13 14 15 16 17 20 | 20.4
Conjurations   | 1 2 3 4 5 6 7 8 9 10 11 12 13 14 15 18 | 18.9
Translocations | 1 2 3 4 5 |  5.0
Armour         | 1 3 4 5 6 7 8 9 10 11 12 13 14 18 | 18.3
Fighting       | 2 3 4 5 6 7 8 9 10 11 12 13 14 15 16 17 18 23 | 23.0
Dodging        | 2 3 4 5 6 7 8 9 10 11 12 14 | 14.8
Staves         | 2 3 4 5 6 7 8 9 10 11 12 | 12.0
Evocations     | 1 3 4 5 6 7 8 9 10 11 12 15 | 15.8
Poison Magic   | 1 3 4 5 6 7 8 9 10 | 10.3
Charms         | 2 3 4 5 |  5.1
Air Magic      | 1 3 4 5 6 |  6.0
Shields        | 3 4 5 6 7 8 9 10 11 12 15 | 15.2
Ice Magic      | 1 4 6 7 8 9 10 11 12 16 | 16.5
Necromancy     | 1 2 3 4 5 6 |  6.5
Stealth        | |  2.1
Transmutations | |  0.7

Action                   |  1- 3 |  4- 6 |  7- 9 | 10-12 | 13-15 | 16-18 | 19-21 | 22-24 | 25-27 || total
-------------------------+-------+-------+-------+-------+-------+-------+-------+-------+-------++-------
Melee: Unarmed           |    16 |     2 |       |       |       |       |       |       |       ||    18
       Dagger            |       |    44 |    62 |     7 |       |       |       |       |       ||   113
       Quarterstaff      |       |       |     6 |    77 |       |       |       |       |       ||    83
       Whip              |       |       |       |   122 |   833 |   770 |    44 |       |       ||  1769
       Staff             |       |       |       |       |     1 |     4 |   613 |   762 |  2699 ||  4079
       Lajatang          |       |       |       |       |       |    75 |       |       |       ||    75
 Cast: Sandblast         |    59 |    59 |   130 |    94 |       |     4 |       |       |       ||   346
       Stone Arrow       |       |    12 |    33 |   207 |   293 |   299 |    65 |    24 |     4 ||   937
       Apportation       |       |     2 |       |     7 |    14 |     2 |     2 |     7 |     1 ||    35
       Lee's Rapid Decon |       |       |     6 |    29 |    29 |    50 |    25 |    64 |   216 ||   419
       Repel Missiles    |       |       |       |     1 |     1 |     2 |     3 |     6 |     8 ||    21
       Venom Bolt        |       |       |       |       |   128 |    49 |    15 |    35 |     6 ||   233
       Poisonous Cloud   |       |       |       |       |    28 |    31 |    11 |     6 |    44 ||   120
       Blink             |       |       |       |       |     1 |       |       |     2 |     4 ||     7
       Freezing Cloud    |       |       |       |       |       |    23 |    99 |    25 |     4 ||   151
       Iron Shot         |       |       |       |       |       |    64 |   259 |   361 |   938 ||  1622
       Regeneration      |       |       |       |       |       |     6 |    11 |     8 |    76 ||   101
       Ozocubu's Armour  |       |       |       |       |       |     1 |     4 |    12 |   109 ||   126
       Lehudib's Crystal |       |       |       |       |       |       |       |       |   221 ||   221
       Shatter           |       |       |       |       |       |       |       |       |    52 ||    52
 Abil: Fly               |       |       |       |       |     1 |       |       |       |       ||     1
Evoke: Wand              |       |       |       |       |       |     6 |       |       |       ||     6
       Lamp of fire      |       |       |       |       |       |       |       |       |     1 ||     1
  Use: Scroll            |       |     1 |     4 |    30 |     9 |     7 |     9 |    10 |    38 ||   108
       Potion            |       |       |       |     1 |     5 |     1 |       |       |    19 ||    26
 Stab: Sleeping          |       |     2 |     5 |     3 |     5 |     1 |       |     2 |       ||    18
       Distracted        |       |       |     1 |       |     2 |       |     4 |     1 |     2 ||    10
  Eat: Chunk             |     2 |     6 |    11 |    25 |    61 |    40 |    66 |    10 |    13 ||   234
       Meat ration       |       |       |     1 |       |       |     2 |     1 |       |     6 ||    10
       Bread ration      |       |       |       |       |     3 |     3 |     2 |     7 |    14 ||    29
       Beef jerky        |       |       |       |       |     1 |     2 |       |     2 |     3 ||     8
       Fruit             |       |       |       |       |       |     2 |       |     2 |       ||     4
       Royal jelly       |       |       |       |       |       |     1 |       |     1 |     7 ||     9
       Pizza             |       |       |       |       |       |       |       |     3 |     1 ||     4
Armor: Robe              |    22 |    22 |    35 |   116 |   285 |   497 |   218 |   172 |  1058 ||  2425
Dodge: Dodged            |    31 |    40 |    68 |   208 |   746 |  1033 |   482 |   326 |  2253 ||  5187
       Deflected         |       |       |       |     5 |     5 |    23 |    25 |    13 |    58 ||   129
Block: Other             |       |       |       |    11 |   197 |   165 |    39 |       |       ||   412
       Reflection        |       |       |       |       |     7 |    14 |    65 |    45 |       ||   131
       Buckler           |       |       |       |       |       |   212 |   383 |   417 |  1441 ||  2453
       Shield            |       |       |       |       |       |       |       |       |   217 ||   217
